 Dungeon Crawl Stone Soup version 0.29-a0-506-ga2e7fffb44 (webtiles) character file.

Game seed: 13902936673591241803

121 Pelinal the Chopper (level 5, -1/46 HPs)
             Began as a Hill Orc Monk on May 28, 2022.
             Slain by an iguana (7 damage)
             ... on level 4 of the Dungeon.
             The game lasted 00:03:58 (2642 turns).

Pelinal the Chopper (Hill Orc Monk)                 Turns: 2642, Time: 00:03:59

Health: -1/46      AC:  6    Str: 14    XL:     5   Next: 5%
Magic:  5/5        EV: 11    Int: 10    God:
Gold:   63         SH:  4    Dex: 15    Spells: 4/4 levels left

rFire   + . .      SeeInvis .   a - +0 hand axe
rCold   + . .      Faith    .   n - +0 buckler
rNeg    . . .      Spirit   .   t - +0 ring mail
rPois   +          Reflect  .   (no helmet)
rElec   +          Harm     .   (no cloak)
rCorr   +          Rampage  .   q - +0 pair of gloves
Will    +....                   (no boots)
Stlth   +.........              C - amulet of the acrobat
HPRegen 0.15/turn               l - ring of willpower
MPRegen 0.09/turn               r - ring of poison resistance

@: mighty, resistant
A: no striking features
a: no special abilities


You were on level 4 of the Dungeon.
You visited 1 branch of the dungeon, and saw 4 of its levels.

You collected 63 gold pieces.

Inventory:

Hand Weapons
 a - a +0 hand axe (weapon)
Missiles
 o - 70 stones (quivered)
 u - 3 poisoned darts
Armour
 b - a +0 robe
 n - a +0 buckler (worn)
 q - a +0 pair of gloves (worn)
 s - a +0 chain mail
 t - a +0 ring mail (worn)
Jewellery
 e - a ring of fire
 l - a ring of willpower (left hand)
 r - a ring of poison resistance (right hand)
 w - a ring of protection from cold
 C - an amulet of the acrobat (around neck)
Scrolls
 j - 2 scrolls of amnesia {unknown}
 m - a scroll of poison {unknown}
 x - a scroll of teleportation {unknown}
 y - 3 scrolls of enchant weapon {unknown}
 A - 2 scrolls of magic mapping {unknown}
 D - a scroll of vulnerability {unknown}
Potions
 d - 3 potions of curing
 f - 2 potions of might
 g - a potion of resistance
 h - a potion of invisibility {unknown}
 i - a potion of flight {unknown}
 k - a potion of heal wounds {unknown}
 p - a potion of brilliance {unknown}
 v - a potion of haste {unknown}
 z - a potion of berserk rage {unknown}
 B - a potion of cancellation {unknown}
 E - a potion of mutation {unknown}


   Skills:
 - Level 3.8 Fighting
 * Level 6.0 Axes
 + Level 1.2 Armour
 - Level 2.6 Dodging
 - Level 1.8 Stealth
 + Level 1.8 Shields


You had 4 spell levels left.
You didn't know any spells.
Your spell library contained the following spells:

 Spells                   Type           Power      Damage    Failure   Level
 Foxfire                  Conj/Fire      0%         2x1d4     71%         1
 Sandblast                Erth           0%         2d4       71%         1
 Passwall                 Tmut/Erth      0%         N/A       85%         2
 Conjure Flame            Conj/Fire      0%         6-21      97%         3
 Inner Flame              Hex/Fire       0%         N/A       97%         3
 Stone Arrow              Conj/Erth      0%         3d7       97%         3
 Flame Wave               Conj/Fire      0%         2d4       100%        4
 Chain Lightning          Conj/Air       0%         N/A       100%        9
 Fire Storm               Conj/Fire      0%         5d1       100%        9
 Shatter                  Erth           0%         3d5*      100%        9


Dungeon Overview and Level Annotations

Branches:
Dungeon (4/15)             Temple (0/1) D:4

Altars:

Shops:
D:1 =

Annotations:
D:2 Sigmund


Message History

* * * LOW HITPOINT WARNING * * *
Unknown command.
Unknown command.
You hit Ijyb.
Ijyb is severely wounded.
Ijyb barely misses you.
Unknown command.
It was a potion of resistance.
You feel protected. Ijyb hits you with a +0 club.
* * * LOW HITPOINT WARNING * * *
Unknown command.
You hit Ijyb.
Ijyb is almost dead.
Ijyb hits you but does no damage.
You hit Ijyb.
Ijyb is almost dead.
Ijyb hits you but does no damage.
You slash Ijyb!
You kill Ijyb!
Your Axes skill increases to level 6!
You have reached level 5!
You feel stronger.
You hit the iguana.
The iguana is lightly wounded.
The iguana bites you.
* * * LOW HITPOINT WARNING * * *
Unknown command.
You feel better.
The iguana bites you but does no damage.
Unknown command.
You hit the iguana.
The iguana is lightly wounded.
The iguana misses you.
You hit the iguana.
The iguana is heavily wounded.
The iguana bites you.
* * * LOW HITPOINT WARNING * * *
The iguana bites you!
You die...

########### .......
#.........# ......!.
#.........# .......
#.........# ......
#.........# #####....# ##
#.........# #....#.8.#..#
#.........# #........?..##
#.........# #....8.>.8....
#.........# #...@l........
#.........# #....#.8.#....
#.........# #.............
..........###...........#
...........##...........#
...........##.............
..#####....#..............
..# ######.####^####....
..# #.# ...


You could see an iguana.

Vanquished Creatures
  Jessica (D:2)
  Ijyb (D:4)
  2 adders (D:3)
  A dart slug (D:3)
  4 ball pythons
  2 bats
  4 endoplasms
  2 giant cockroaches
  3 goblins
  5 hobgoblins
  3 jackals (D:1)
  8 kobolds
  2 quokkas
  2 frilled lizards
  6 rats
46 creatures vanquished.

Vanquished Creatures (others)
  2 fungi (D:1)
  3 plants (D:1)
5 creatures vanquished.

Grand Total: 51 creatures vanquished

Notes
Turn   | Place    | Note
-------+----------+-------------------------------------------
     0 | D:1      | Pelinal the Hill Orc Monk began the quest for the Orb.
     0 | D:1      | Reached XP level 1. HP: 19/19 MP: 1/1
    59 | D:1      | Found Nugidaer's Jewellery Emporium.
   134 | D:1      | Reached XP level 2. HP: 25/27 MP: 2/2
   925 | D:1      | Found a faded altar of an unknown god.
  1151 | D:2      | Noticed Jessica
  1171 | D:2      | Killed Jessica
  1172 | D:2      | Reached skill level 5 in Axes
  1172 | D:2      | Reached skill level 1 in Shields
  1172 | D:2      | Reached XP level 3. HP: 15/33 MP: 3/3
  1803 | D:2      | Noticed Sigmund
  1831 | D:3      | Reached XP level 4. HP: 38/40 MP: 4/4
  2551 | D:4      | Reached skill level 1 in Armour
  2602 | D:4      | Found a staircase to the Ecumenical Temple.
  2609 | D:4      | Noticed Ijyb
  2638 | D:4      | Killed Ijyb
  2639 | D:4      | Reached skill level 6 in Axes
  2639 | D:4      | Reached XP level 5. HP: 4/46 MP: 5/5
  2642 | D:4      | Slain by an iguana

Illustrated notes

Levels and vault maps discovered:
D:1:      wander_arrival_fairy_ring, layout_basic,
          shapermc_ecumenical_altar_petra, serial_shops, nicolae_diamond_shop
D:2:      layout_loops_ring, uniq_sigmund, uniq_jessica
D:3:      layout_rooms
D:4:      layout_basic, lemuel_tele_altar, lightli_temple_of_fire,
          minmay_temple_entry_statues_pillars, gammafunk_ghost_necromancy,
          uniq_ijyb

Skill      XL: |  1  2  3  4 |
---------------+-------------+-----
Axes           | 5 6 |  6.0
Shields        | 1 |  1.8
Armour         | 1 |  1.2
Fighting       | |  3.8
Dodging        | |  2.6
Stealth        | |  1.8

Action                   |  1- 3 |  4- 6 || total
-------------------------+-------+-------++-------
Melee: Hand axe          |   100 |    68 ||   168
  Use: Potion            |     1 |     4 ||     5
 Stab: Sleeping          |     4 |     1 ||     5
Armor: Robe              |    17 |       ||    17
       Ring mail         |     2 |    14 ||    16
       Chain mail        |     2 |       ||     2
Dodge: Dodged            |    52 |    39 ||    91
Block: Buckler           |     3 |     9 ||    12

Table legend: (Time is in decaauts)
 A = Elapsed time spent in this place.
 B = Non-inter-level travel time spent in this place.
 C = Inter-level travel time spent in this place.
 D = Time resting spent in this place.
 E = Time spent auto-exploring this place.
 F = Levels seen in this place.
 G = Mean time per level.
                   A        B        C        D        E       F      G
               +--------+--------+--------+--------+--------+-----+--------+
         Total |   2653 |   2590 |     63 |    486 |   1575 |   4 |  663.2 |
       Dungeon |   2653 |   2590 |     63 |    486 |   1575 |   4 |  663.2 |
               +--------+--------+--------+--------+--------+-----+--------+

Top non-repeatable levels by time:
     D:1: 1147 daAuts
     D:2: 681 daAuts
     D:3: 680 daAuts
     D:4: 143 daAuts
